 Dungeon Crawl Stone Soup version 0.24-a0-201-gf205589 (webtiles) character file.

Game seed: 6692418136330055378

6705 kae the Cleaver (level 11, -8/99 HPs)
             Began as a Hill Orc Fighter on Mar 19, 2019.
             Was a Priest of Qazlal.
             Mangled by a two-headed ogre
             ... wielding a +0 giant club
              (20 damage)
             ... on level 10 of the Dungeon.
             The game lasted 00:11:41 (11350 turns).

kae the Cleaver (Hill Orc Fighter)                 Turns: 11350, Time: 00:11:41

Health: -8/99      AC: 15    Str: 26    XL:     11   Next: 3%
Magic:  19/19      EV:  8    Int:  8    God:    Qazlal [***...]
Gold:   325        SH:  3    Dex: 10    Spells: 10/10 levels left

rFire    . . .     SeeInvis .   B - +0 battleaxe
rCold    . . .     Gourm    .   (shield currently unavailable)
rNeg     . . .     Faith    .   y - +3 chain mail
rPois    .         Spirit   .   (no helmet)
rElec    .         Reflect  .   l - +1 cloak {MR+}
rCorr    .         Harm     .   o - +0 pair of gloves
MR       ++...                  (no boots)
Stlth    ..........             (no amulet)
HPRegen  0.26/turn              C - ring of protection from magic
MPRegen  0.16/turn              i - +3 ring of strength

@: no status effects
A: no striking features
a: Upheaval, Elemental Force, Renounce Religion


You were on level 10 of the Dungeon.
You worshipped Qazlal.
Qazlal was most pleased with you.
You were not hungry.

You visited 2 branches of the dungeon, and saw 11 of its levels.

You collected 581 gold pieces.
You spent 256 gold pieces at shops.

Inventory:

Hand Weapons
 a - a +1 war axe
 B - a +0 battleaxe (weapon)
Armour
 c - a +0 shield
 l - a +1 cloak of magic resistance (worn)
 o - a +0 pair of gloves (worn)
 y - a +3 chain mail (worn)
Jewellery
 i - a +3 ring of strength (right hand)
 m - a +1 ring of slaying
 w - an uncursed ring of wizardry
 A - an uncursed ring of ice
 C - a ring of protection from magic (left hand)
Wands
 e - a wand of flame (33)
 q - a wand of clouds (6)
 s - a wand of disintegration (11)
 E - a wand of paralysis (9)
 J - a wand of polymorph (6)
 K - a wand of enslavement (11)
Scrolls
 b - 2 scrolls of blinking
 k - 3 scrolls of amnesia
 p - 3 scrolls of enchant armour
 t - 3 scrolls of teleportation
 z - a scroll of remove curse
 G - a scroll of identify
 H - a scroll of noise {unknown}
 I - a scroll of acquirement {unknown}
Potions
 d - 2 potions of might
 g - a potion of magic {unknown}
 h - a potion of resistance {unknown}
 j - 6 potions of heal wounds
 n - 7 potions of curing
 r - 2 potions of mutation {unknown}
 u - 2 potions of ambrosia {unknown}
 v - a potion of berserk rage {unknown}
 x - a potion of invisibility {unknown}
 D - a potion of lignification {unknown}
 F - 2 potions of haste {unknown}
Comestibles
 f - 20 rations
 L - 5 chunks of flesh


   Skills:
 + Level 10.1 Fighting
 * Level 14.2 Axes
 - Level 4.3 Armour
 - Level 3.2 Shields
 * Level 11.1 Invocations


You had 10 spell levels left.
You didn't know any spells.
Your spell library contained the following spells:

 Spells                   Type           Power        Failure   Level  Hunger
 Animate Skeleton         Necr           N/A          95%         1    ##.....
 Apportation              Tloc           #.....       95%         1    ##.....
 Magic Dart               Conj           #...         95%         1    ##.....
 Pain                     Necr           #...         95%         1    ##.....
 Summon Butterflies       Summ           #.......     95%         1    ##.....
 Blink                    Tloc           N/A          99%         2    ###....
 Call Imp                 Summ           #.......     99%         2    ###....
 Slow                     Hex            #.......     99%         2    ###....
 Conjure Flame            Conj/Fire      #.......     100%        3    ####...
 Lesser Beckoning         Tloc           #.........   100%        3    ####...
 Mephitic Cloud           Conj/Pois/Air  #.......     100%        3    ####...
 Regeneration             Chrm/Necr      #.........   100%        3    ####...
 Tukima's Dance           Hex            #.......     100%        3    ####...
 Vampiric Draining        Necr           #.........   100%        3    ####...
 Animate Dead             Necr           N/A          100%        4    #####..
 Alistair's Intoxication  Tmut/Pois      #.......     100%        5    ######.
 Bolt of Magma            Conj/Fire/Erth #.........   100%        5    ######.
 Iskenderun's Battlesphe  Conj/Chrm      #.......     100%        5    ######.
 Venom Bolt               Conj/Pois      #.........   100%        5    ######.
 Invisibility             Hex            #.......     100%        6    #######
 Iron Shot                Conj/Erth      #.........   100%        6    #######
 Orb of Destruction       Conj           #.........   100%        7    #######
 Spellforged Servitor     Conj/Summ      #.........   100%        7    #######


Dungeon Overview and Level Annotations

Branches:
Dungeon (10/15)            Temple (1/1) D:5
   Lair: D:8-11         Orc: D:9-12

Altars:
Ashenzari
Cheibriados
Dithmenos
Elyvilon
Fedhas
Gozag
Hepliaklqana
Kikubaaqudgha
Makhleb
Nemelex Xobeh
Okawaru
Qazlal
Ru
Sif Muna
Trog
Uskayaw
Vehumet
Wu Jian
Xom
Yredelemnul
Zin
The Shining One

Shops:
D:4 (   D:5 *   D:9 !   D:10 (

Annotations:
D:6 1 runed translucent door, crawlian's ghost, novice DsTm


Message History

The two-headed ogre closely misses you.
The two-headed ogre hits you with a +0 giant spiked club!
You slice the two-headed ogre!!
The two-headed ogre is heavily wounded.
The two-headed ogre hits you but does no damage.
The two-headed ogre hits you with a +0 giant spiked club!
* * * LOW HITPOINT WARNING * * *
You slice the two-headed ogre!!
The two-headed ogre is severely wounded.
You hear a shout!
You hit the two-headed ogre.
The two-headed ogre is almost dead.
The two-headed ogre hits you but does no damage.
The two-headed ogre hits you with a +0 giant spiked club!
* * * LOW HITPOINT WARNING * * *
You hit the two-headed ogre.
The two-headed ogre is almost dead.
The two-headed ogre hits you but does no damage.
The two-headed ogre hits you with a +0 giant spiked club!!
You die...

###### ....#####
###.#......
.######.O∩...#
......†@#.#..#
#########.#.##
### #...#
.....#######.##
#...<......#
#####............
.....###..###.##
###### #.^# #..#


You could see a two-headed ogre.

Vanquished Creatures
  A two-headed ogre (D:9)
  A hippogriff (D:8)
  A spriggan (D:9)
  10 yaks
  Grum (D:8)
  A hungry ghost (D:8)
  An ice beast (D:7)
  2 sky beasts
  2 ogres (D:6)
  2 eyes of draining (D:5)
  5 orc warriors
  5 centaurs
  4 wolves
  A big kobold (D:9)
  A gnoll sergeant (D:6)
  3 bullfrogs
  2 scorpions
  5 wights (D:9)
  2 howler monkeys
  4 crimson imps
  A bullfrog zombie (D:8)
  5 hounds
  2 jellies
  Crazy Yiuf (D:2)
  A gnoll shaman (D:6)
  6 orc priests
  2 centaur skeletons
  A bullfrog skeleton (D:8)
  Ijyb (D:3)
  Natasha (thrice) (D:2)
  11 orc wizards
  5 worker ants
  A hound zombie (D:8)
  A hound skeleton (D:8)
  Robin (D:3)
  9 gnolls (D:6)
  7 adders
  2 shadow imps
  An ooze (D:2)
  4 worms
  3 dart slugs
  5 leopard geckos
  48 orcs
  A ball python (D:2)
  7 giant cockroaches
  27 goblins
  10 hobgoblins
  10 jackals
  A quokka (D:3)
  9 bats
  A frilled lizard (D:2)
  11 kobolds
  A quokka skeleton (D:4)
  10 rats
263 creatures vanquished.

Notes
Turn   | Place    | Note
-------+----------+-------------------------------------------
     0 | D:1      | kae the Hill Orc Fighter began the quest for the Orb.
     0 | D:1      | Reached XP level 1. HP: 19/19 MP: 1/1
    69 | D:1      | Reached skill level 3 in Axes
   178 | D:1      | Reached XP level 2. HP: 27/27 MP: 2/2
   719 | D:2      | Reached XP level 3. HP: 33/33 MP: 3/3
   900 | D:2      | Reached skill level 4 in Axes
  1191 | D:2      | Reached XP level 4. HP: 26/40 MP: 4/4
  1344 | D:2      | Found a runed translucent door.
  1345 | D:2      | Noticed Crazy Yiuf
  1411 | D:2      | Noticed Natasha
  1417 | D:2      | Killed Natasha
  1570 | D:2      | Found a shimmering altar of Xom.
  1737 | D:2      | Noticed Natasha
  1740 | D:2      | Killed Natasha
  1740 | D:2      | Reached skill level 5 in Axes
  1773 | D:2      | Killed Crazy Yiuf
  1773 | D:2      | Reached XP level 5. HP: 8/47 MP: 5/5
  2423 | D:2      | Noticed Natasha
  2433 | D:2      | Killed Natasha
  2790 | D:2      | Found a shimmering altar of Xom.
  3260 | D:3      | Reached skill level 6 in Axes
  3294 | D:3      | Reached skill level 5 in Fighting
  3294 | D:3      | Reached XP level 6. HP: 46/56 MP: 6/6
  3445 | D:3      | Noticed Ijyb
  3454 | D:3      | Killed Ijyb
  3791 | D:3      | Noticed Robin
  3812 | D:3      | Killed Robin
  4256 | D:4      | Found an opulent altar of Gozag.
  4276 | D:4      | Reached skill level 7 in Axes
  4543 | D:4      | Reached XP level 7. HP: 62/62 MP: 7/7
  4753 | D:4      | Found Pujanusk's Antique Weapon Shoppe.
  4857 | D:4      | Found a white marble altar of Elyvilon.
  4913 | D:5      | Entered Level 5 of the Dungeon
  4931 | D:5      | Reached skill level 8 in Axes
  5193 | D:5      | Found a staircase to the Ecumenical Temple.
  5332 | Temple   | Entered the Ecumenical Temple
  5630 | Temple   | Became a worshipper of Qazlal Stormbringer
  5782 | D:5      | Found Ekelych's Elemental Accessories.
  5798 | D:5      | Reached skill level 9 in Axes
  5877 | D:5      | Found a bloodstained altar of Trog.
  5892 | D:5      | Reached XP level 8. HP: 71/71 MP: 0/8
  6102 | D:6      | Reached skill level 1 in Invocations
  6170 | D:6      | Reached skill level 10 in Axes
  6172 | D:6      | Found a runed translucent door.
  6172 | D:6      | Noticed crawlian's ghost (novice DsTm)
  7061 | D:6      | Reached * piety under Qazlal
  7115 | D:6      | Reached skill level 11 in Axes
  7115 | D:6      | Reached skill level 5 in Invocations
  7115 | D:6      | Reached XP level 9. HP: 67/80 MP: 12/12
  8833 | D:8      | Found a bloodstained altar of Trog.
  8833 | D:8      | Noticed Grum
  9106 | D:8      | Reached skill level 12 in Axes
  9275 | D:8      | Found a sparkling altar of Nemelex Xobeh.
  9353 | D:8      | Found an iron altar of Okawaru.
  9430 | D:8      | Reached ** piety under Qazlal
  9537 | D:8      | Reached XP level 10. HP: 30/90 MP: 16/16
  9813 | D:8      | Killed Grum
 10319 | D:9      | Reached skill level 13 in Axes
 10569 | D:9      | Reached skill level 10 in Invocations
 10843 | D:9      | Found Cerro's Distillery.
 10850 | D:9      | Bought 2 potions of heal wounds for 160 gold pieces
 10850 | D:9      | Bought 2 potions of curing for 96 gold pieces
 10969 | D:9      | Noticed a two-headed ogre
 10973 | D:9      | Killed a two-headed ogre
 10973 | D:9      | Reached *** piety under Qazlal
 11228 | D:10     | Entered Level 10 of the Dungeon
 11236 | D:10     | Found Qathean's Antique Weapon Boutique.
 11248 | D:10     | Reached skill level 10 in Fighting
 11248 | D:10     | Reached skill level 14 in Axes
 11252 | D:10     | Reached XP level 11. HP: 68/99 MP: 19/19
 11342 | D:10     | Noticed a two-headed ogre
 11350 | D:10     | Mangled by a two-headed ogre

Levels and vault maps discovered:
D:1:      dpeg_arrival_water_temple_mockup, layout_rooms
D:2:      kennysheep_the_goblin_king, layout_loops_cross, lemuel_round_altar,
          st_stairs_3, uniq_crazy_yiuf_cottage, uniq_natasha
D:3:      kennysheep_goblin_castle, layout_basic, uniq_ijyb
D:4:      layout_rooms, old_standard_altar, elyvilon_altar_3, serial_shops,
          shop, minmay_misc_feat_cross
D:5:      layout_basic, trog_eyes_of_draining, minmay_temple_entry_mini_moons,
          first_ration, nicolae_elemental_shop
D:6:      layout_basic, hellmonk_ghost_happy_afterlife
D:7:      layout_layer_cave, chequers_serial_rivers_micro_e
D:8:      layout_basic, nicolae_overflow_hidden_temple, special_room
          [special_room_orc], basic_altar, grunt_decor_fettered,
          lemuel_statue_altar, uniq_grum
D:9:      layout_roguey, serial_shops, shop, the_bakery
D:10:     layout_loops_ring, lair_entry_dummy, serial_shops,
          nicolae_shop_crystal, minmay_between, uniq_sonja
Temple:   minmay_temple_bridge_d

Skill      XL: |  1  2  3  4  5  6  7  8  9 10 |
---------------+-------------------------------+-----
Axes           | 3 4 5 6 7 9 11 12 14 | 14.2
Fighting       | 4 5 6 7 8 10 | 10.1
Armour         | 4 |  4.3
Invocations    | 5 8 11 | 11.1
Shields        | |  3.2

Action                   |  1- 3 |  4- 6 |  7- 9 | 10-12 || total
-------------------------+-------+-------+-------+-------++-------
Melee: War axe           |   141 |   207 |   233 |       ||   581
       Battleaxe         |       |       |   172 |   166 ||   338
Evoke: Wand              |       |       |     4 |       ||     4
  Use: Scroll            |     6 |     5 |     3 |       ||    14
  Eat: Chunk             |     1 |     8 |     9 |     5 ||    23
       Ration            |       |     1 |     2 |     1 ||     4
Armor: Scale mail        |    66 |   116 |    69 |       ||   251
       Chain mail        |       |       |   135 |    78 ||   213
Dodge: Dodged            |    37 |    70 |   105 |    43 ||   255
Block: Shield            |    84 |   117 |    98 |       ||   299
       Other             |       |       |    17 |    13 ||    30

Table legend:
 A = Non-vault XP
 B = Vault XP
 C = Vault XP percentage of total XP
 D = Non-vault monster count
 E = Vault monster count
 F = Vault count percentage of total count
                 A         B        C        D         E       F
            +---------+---------+-------+---------+---------+-------
      Total |    7794 |    1785 |  18.6 |     192 |      71 |  27.0
            +---------+---------+-------+---------+---------+-------
        D:1 |      28 |       0 |   0.0 |      17 |       0 |   0.0
        D:2 |     118 |      95 |  44.6 |      20 |      12 |  37.5
        D:3 |     107 |      89 |  45.4 |      30 |      22 |  42.3
        D:4 |     286 |       0 |   0.0 |      16 |       0 |   0.0
        D:5 |     675 |     253 |  27.3 |      25 |       4 |  13.8
        D:6 |    1084 |       0 |   0.0 |      28 |       0 |   0.0
        D:7 |     782 |     111 |  12.4 |      16 |       1 |   5.9
        D:8 |    1008 |    1032 |  50.6 |      14 |      31 |  68.9
        D:9 |    2676 |     205 |   7.1 |      21 |       1 |   4.5
       D:10 |    1030 |       0 |   0.0 |       5 |       0 |   0.0
            +---------+---------+-------+---------+---------+-------
